 Dungeon Crawl Stone Soup version 0.29.0-5-ge4962eb29e (webtiles) character file.

Game seed: 5478363148670629878

1213 Godmorgon the Chopper (level 8, 0/68 HPs)
             Began as a Palentonga Fighter on Aug 28, 2022.
             Slain by a black bear (1 damage)
             ... on level 7 of the Dungeon.
             The game lasted 00:17:34 (4721 turns).

Godmorgon the Chopper (Palentonga Fighter)          Turns: 4721, Time: 00:17:35

Health: 0/68       AC: 15    Str: 23    XL:     8   Next: 22%
Magic:  8/8        EV:  7    Int:  9    God:
Gold:   243        SH:  4    Dex: 10    Spells: 7/7 levels left

rFire   . . .      SeeInvis +   b - +2 hand axe (vamp)
rCold   . . .      Faith    .   c - +0 buckler
rNeg    . . .      Spirit   .   F - +0 scale mail
rPois   .          Reflect  .   (no helmet)
rElec   .          Harm     .   z - +0 cloak
rCorr   +          Rampage  .   p - +0 pair of gloves
Will    .....                   (no barding)
Stlth   ..........              w - amulet of regeneration
HPRegen 1.01/turn               j - ring of resist corrosion
MPRegen 0.11/turn               (no ring)

@: lethally poisoned (0 -> -6), slowed, curled up, very slow
A: large, rugged brown scales 3, see invisible, deformed body, roll 1, armoured
tail, reflexive curl
a: Rolling Charge


You were on level 7 of the Dungeon.
You visited 2 branches of the dungeon, and saw 8 of its levels.

You collected 243 gold pieces.

Inventory:

Hand Weapons
 a - a +0 war axe
 b - a +2 vampiric hand axe (weapon)
Missiles
 g - 5 poisoned darts
 n - 3 javelins
 B - 3 throwing nets
Armour
 c - a +0 buckler (worn)
 p - a +0 pair of gloves (worn)
 y - a +0 leather armour of cold resistance
 z - a +0 cloak (worn)
 F - a +0 scale mail (worn)
Jewellery
 j - a ring of resist corrosion (left hand)
 k - an amulet of reflection
 w - an amulet of regeneration (around neck)
Wands
 D - a wand of paralysis (8)
Scrolls
 e - 2 scrolls of teleportation
 h - 2 scrolls of enchant armour {unknown}
 m - 3 scrolls of poison
 r - a scroll of noise {unknown}
 s - 2 scrolls of enchant weapon {unknown}
 t - 2 scrolls of vulnerability
 v - a scroll of silence {unknown}
 A - 3 scrolls of fear {unknown}
 C - 4 scrolls of immolation {unknown}
 G - a scroll of identify
Potions
 d - 2 potions of might
 f - a potion of ambrosia {unknown}
 i - a potion of haste {unknown}
 l - 2 potions of lignification
 o - a potion of curing
 q - 3 potions of mutation
 u - 2 potions of invisibility {unknown}
 x - 3 potions of flight
 E - 2 potions of attraction {unknown}


   Skills:
 + Level 5.8 Fighting
 * Level 7.3 Axes
 + Level 3.3 Throwing
 - Level 2.4 Armour
 - Level 2.6 Shields


You had 7 spell levels left.
You didn't know any spells.
Your spell library was empty.

Dungeon Overview and Level Annotations

Branches:
Dungeon (7/15)             Temple (1/1) D:6

Altars:
Ashenzari
Cheibriados
Dithmenos
Elyvilon
Fedhas
Gozag
Hepliaklqana
Kikubaaqudgha
Makhleb
Ru
Sif Muna
Trog
Uskayaw
Vehumet
Wu Jian
Xom
Yredelemnul
The Shining One

Shops:
D:7 =

Annotations:
D:5 2 runed translucent doors


Innate Abilities, Weirdness & Mutations

You are completely covered in rugged brown scales. (AC +3, +7% HP)
You have supernaturally acute eyesight. (SInv)
Armour fits poorly on your strangely shaped body.
You can roll at nearby foes to attack.
You have a long armoured tail.
You curl defensively after being hit. (AC +7*)


Message History

* * * LOW HITPOINT WARNING * * *
You feel as though you will be slow longer.
The hornet stings you.
* * * LOW HITPOINT WARNING * * *
You are poisoned.
You feel as though you will be slow longer.
The black bear bites you but does no damage.
The black bear claws you but does no damage. x2
The hornet completely misses you.
You can move again.
You feel better. The hornet stings you.
* * * LOW HITPOINT WARNING * * *
You are poisoned.
You feel as though you will be slow longer.
The black bear closely misses you.
The black bear claws you but does no damage.
You block the black bear's attack. The hornet stings you!
* * * LOW HITPOINT WARNING * * *
You are more poisoned.
You feel as though you will be slow longer.
The black bear bites you but does no damage.
The black bear claws you but does no damage. x2
You feel better. The hornet barely misses you.
The black bear bites you but does no damage.
You block the black bear's attack.
The black bear claws you but does no damage.
The hornet stings you!
* * * LOW HITPOINT WARNING * * *
You feel as though you will be slow longer.
You feel better. The hornet stings you!
* * * LOW HITPOINT WARNING * * *
You feel as though you will be slow longer.
The black bear bites you but does no damage.
The black bear closely misses you. The black bear barely misses you.
The hornet stings you.
* * * LOW HITPOINT WARNING * * *
You are lethally poisoned!
You feel as though you will be slow longer.
The black bear bites you.
You die...

#.+##+.....#
#.#..#.....#
+.#..#.....#
+###+###'..'.....#####
#.......#..#.....'....
#.......#..#.....#####
##+###+###'###.....#
#.....h.##.# #...###
#....#.....y@...#
#...#
#....#..(....####
#...# .....#.#######
#...# #.#..#.# ##(##
#.#..#.# #.# #
#.#..#.# #. # #.#..#.#
#.#.# #####.#..#.#
#.#.# .........#.#
#.#.# ###


You could see a hornet and a black bear.

Vanquished Creatures
  A black bear (D:7)
  An ice beast (D:6)
  An ogre (D:7)
  2 phantoms
  2 scorpions
  3 necrophages (D:6)
  An orc priest (D:6)
  A hound (D:7)
  A jelly (D:6)
  Crazy Yiuf (D:3)
  2 gnoll boudas
  An iguana (D:6)
  A hound skeleton (D:6)
  10 gnolls
  9 adders
  An ufetubus (D:5)
  2 dart slugs
  16 orcs
  9 ball pythons
  6 bats
  4 endoplasms
  6 giant cockroaches
  12 goblins
  3 hobgoblins
  3 quokkas
  4 frilled lizards
  4 kobolds
  2 rats (D:1)
109 creatures vanquished.

Notes
Turn   | Place    | Note
-------+----------+-------------------------------------------
     0 | D:1      | Godmorgon the Palentonga Fighter began the quest for the
                  | Orb.
     0 | D:1      | Reached XP level 1. HP: 19/19 MP: 1/1
   316 | D:1      | Reached XP level 2. HP: 25/25 MP: 2/2
   788 | D:1      | Reached skill level 3 in Axes
   826 | D:2      | Reached XP level 3. HP: 31/31 MP: 3/3
  1134 | D:2      | Reached XP level 4. HP: 36/37 MP: 4/4
  1260 | D:2      | Found an opulent altar of Gozag.
  1314 | D:3      | Reached skill level 1 in Throwing
  1336 | D:3      | Found a faded altar of an unknown god.
  1495 | D:3      | Found a hazy altar of Hepliaklqana.
  1496 | D:3      | Found a shimmering altar of Xom.
  1497 | D:3      | Noticed a spectral ugly thing
  1556 | D:3      | Found a runed translucent door.
  1557 | D:3      | Noticed Crazy Yiuf
  1770 | D:3      | Reached skill level 4 in Axes
  1814 | D:3      | Found a basalt altar of Yredelemnul.
  2029 | D:3      | Killed Crazy Yiuf
  2030 | D:3      | Reached XP level 5. HP: 28/44 MP: 5/5
  2663 | D:4      | Found a snail-covered altar of Cheibriados.
  2734 | D:5      | Entered Level 5 of the Dungeon
  2734 | D:5      | Noticed a phantom
  2757 | D:4      | Killed a phantom
  2758 | D:4      | Reached XP level 6. HP: 50/52 MP: 6/6
  2814 | D:5      | Reached skill level 5 in Axes
  3013 | D:5      | Found a runed translucent door.
  3015 | D:5      | Found a runed translucent door.
  3016 | D:5      | Noticed a vampire mosquito
  3145 | D:5      | Gained mutation: You curl defensively after being hit. (AC
                  | +7*) [Palentonga growth]
  3145 | D:5      | Reached XP level 7. HP: 52/58 MP: 7/7
  3470 | D:6      | Reached skill level 5 in Fighting
  3470 | D:6      | Reached skill level 6 in Axes
  3757 | D:6      | Found a staircase to the Ecumenical Temple.
  3779 | Temple   | Entered the Ecumenical Temple
  3964 | D:6      | Found a burning altar of Makhleb.
  4483 | D:7      | Found a bloodstained altar of Trog.
  4490 | D:7      | Found Gioqeihiuss's Jewellery Shop.
  4564 | D:7      | Reached XP level 8. HP: 57/67 MP: 8/8
  4566 | D:7      | Reached skill level 7 in Axes
  4709 | D:7      | Noticed a hornet
  4712 | D:7      | Paralysed by a hornet for 3 turns
  4716 | D:7      | Paralysed by a hornet for 3 turns
  4719 | D:7      | HP: 3/68 [hornet (13)]
  4721 | D:7      | HP: 1/68 [hornet (1)]
  4721 | D:7      | Slain by a black bear

Illustrated notes

Levels and vault maps discovered:
D:1:      lightli_arrival_quake, layout_basic
D:2:      layout_rooms, basic_altar, st_stairs_4, minmay_split_cup_large
D:3:      layout_loops_ring, regret_index_temple_of_mockery,
          mainiacjoe_overflow_surrounded_room,
          hellmonk_ecumenical_altar_arch_garden, fountainhead,
          uniq_crazy_yiuf_cottage
D:4:      layout_loops_ring, chei_slow_surprise
D:5:      lemuel_insect_pit, layout_rooms
D:6:      layout_basic, makhleb_blood_cavern_becter,
          minmay_temple_entry_statues_fountains
D:7:      layout_basic, kennysheep_mini, mainiacjoe_overflow_24_doors,
          serial_shops, shop
Temple:   hellmonk_temple_flake

Skill      XL: |  1  2  3  4  5  6  7  8 |
---------------+-------------------------+-----
Axes           | 3 4 5 6 7 |  7.3
Throwing       | 1 2 3 |  3.3
Fighting       | 4 5 |  5.8
Armour         | |  2.4
Shields        | |  2.6

Action                   |  1- 3 |  4- 6 |  7- 9 || total
-------------------------+-------+-------+-------++-------
Melee: War axe           |    84 |   166 |    44 ||   294
       Tailslap          |     5 |    15 |    10 ||    30
       Hand axe          |       |       |    36 ||    36
 Abil: Rolling Charge    |    26 |    33 |    14 ||    73
  Use: Scroll            |       |     4 |     4 ||     8
       Potion            |       |     1 |     4 ||     5
Armor: Scale mail        |    39 |    66 |    60 ||   165
Dodge: Dodged            |    25 |    60 |    26 ||   111
Block: Buckler           |    17 |    31 |    16 ||    64
